 Dungeon Crawl Stone Soup version 0.26-a0-757-g626ac9e51a (webtiles) character file.

Game seed: 1458825491735715733

60 mattiecakes the Skirmisher (level 4, -1/37 HPs)
             Began as a Barachi Fighter on Nov 7, 2020.
             Slain by a frilled lizard (2 damage)
             ... on level 2 of the Dungeon.
             The game lasted 00:03:44 (706 turns).

mattiecakes the Skirmisher (Barachi Fighter)         Turns: 706, Time: 00:03:45

Health: -1/37      AC:  7    Str: 18    XL:     4   Next: 4%
Magic:  4/4        EV:  7    Int:  9    God:
Gold:   49         SH:  9    Dex: 11    Spells: 3/3 levels left

rFire    . . .     SeeInvis .   a - +0 long sword
rCold    . . .     Faith    .   c - +0 kite shield
rNeg     . . .     Spirit   .   b - +0 scale mail
rPois    .         Reflect  .   (no helmet)
rElec    .         Harm     .   (no cloak)
rCorr    .         Rampage  .   (no gloves)
MR       +....                  (no boots)
Stlth    ..........             (no amulet)
HPRegen  0.12/turn              g - ring of protection from magic
MPRegen  0.09/turn              (no ring)

@: mighty, lethally poisoned (-1 -> -4), can't hop, slow
A: +LOS, swims, slowness 1, strong legs 1
a: Hop


You were on level 2 of the Dungeon.
You visited 1 branch of the dungeon, and saw 2 of its levels.

You collected 49 gold pieces.

Inventory:

Hand Weapons
 a - a +0 long sword (weapon)
Armour
 b - a +0 scale mail (worn)
 c - a +0 kite shield (worn)
Jewellery
 g - a ring of protection from magic (left hand)
Scrolls
 e - a scroll of remove curse {unknown}
 f - 2 scrolls of identify {unknown}
 i - a scroll of teleportation {unknown}
Potions
 j - a potion of curing {unknown}
 k - a potion of cancellation {unknown}


   Skills:
 + Level 4.1 Fighting
 + Level 3.1 Long Blades
 + Level 4.1 Armour
 + Level 1.4 Dodging
 + Level 3.7 Shields


You had 3 spell levels left.
You didn't know any spells.
Your spell library was empty.

Dungeon Overview and Level Annotations

Branches:
Dungeon (2/15)

Altars:


Innate Abilities, Weirdness & Mutations

You can be seen from farther away. (+LOS)
You can swim through water.
You cover ground slowly.
You can hop short distances.


Message History

Item here: a +0 whip.
A stone staircase leading up, spattered with blood.
Press: ? - help, v - describe, . - travel
Here: a gnoll, wielding a +0 spear (severely wounded)
The floor, spattered with blood.
Unknown command.
Unknown command.
Unknown command.
You slash the gnoll!
You kill the gnoll!
You have reached level 4!
You feel clever.
* * * LOW HITPOINT WARNING * * *
You feel sick. The bat hits you but does no damage. You block the rat's attack.
The frilled lizard unfolds its giant frill.
The frilled lizard closely misses you. You block the gnoll's attack.
The frilled lizard bites you.
* * * LOW HITPOINT WARNING * * *
The rat completely misses you. The frilled lizard bites you.
You die...

..... ..... ...
... #..
########.#
.......#.#######
#........gl....#
#...⌠....<@l...#
#.........)r...#
#....###b#######
#.....)..#
######....
.......
###....gg
#.......
#........


You could see a gnoll, a bat, 2 frilled lizards and a rat.

Vanquished Creatures
  2 gnolls (D:2)
  An adder (D:2)
  An ooze (D:1)
  2 dart slugs (D:1)
  A leopard gecko (D:2)
  4 bats
  A giant cockroach (D:1)
  2 goblins (D:1)
  2 hobgoblins (D:1)
  3 frilled lizards (D:1)
  4 kobolds
  3 rats (D:1)
26 creatures vanquished.

Notes
Turn   | Place    | Note
-------+----------+-------------------------------------------
     0 | D:1      | mattiecakes the Barachi Fighter began the quest for the
                  | Orb.
     0 | D:1      | Reached XP level 1. HP: 18/18 MP: 1/1
   112 | D:1      | Reached XP level 2. HP: 15/25 MP: 2/2
   386 | D:1      | Reached skill level 1 in Dodging
   432 | D:1      | Reached XP level 3. HP: 30/30 MP: 3/3
   692 | D:2      | HP: 1/30 [gnoll/+0 spear (3)]
   706 | D:2      | Reached XP level 4. HP: 3/37 MP: 4/4
   706 | D:2      | HP: 1/37 [frilled lizard (1)]
   706 | D:2      | Slain by a frilled lizard

Illustrated notes

Levels and vault maps discovered:
D:1:      lightli_arrival_maybe_door_vault, layout_basic
D:2:      layout_basic, overflow_temple_1_default,
          yredelemnul_forgotten_temple_becter, minmay_misc_feat_iff,
          hangedman_feature_mirror, uniq_sigmund

Skill      XL: |  1  2  3 |
---------------+----------+-----
Dodging        | 1 |  1.4
Fighting       | 4 |  4.1
Long Blades    | 3 |  3.1
Armour         | 4 |  4.1
Shields        | |  3.7

Action                   |  1- 3 |  4- 6 || total
-------------------------+-------+-------++-------
Melee: Long sword        |    65 |       ||    65
 Abil: Hop               |     1 |       ||     1
  Use: Potion            |     4 |       ||     4
Armor: Scale mail        |    68 |     1 ||    69
Dodge: Dodged            |    60 |     2 ||    62
Block: Kite shield       |    59 |     2 ||    61
       Rpst.: Long sword |    15 |       ||    15

Table legend: (Time is in decaauts)
 A = Elapsed time spent in this place.
 B = Non-inter-level travel time spent in this place.
 C = Inter-level travel time spent in this place.
 D = Time resting spent in this place.
 E = Time spent auto-exploring this place.
 F = Levels seen in this place.
 G = Mean time per level.
                   A        B        C        D        E       F      G
               +--------+--------+--------+--------+--------+-----+--------+
         Total |    825 |    792 |     33 |      0 |    617 |   2 |  412.5 |
       Dungeon |    825 |    792 |     33 |      0 |    617 |   2 |  412.5 |
               +--------+--------+--------+--------+--------+-----+--------+

Top non-repeatable levels by time:
     D:1: 789 daAuts
     D:2: 36 daAuts
